Map: Ruins of Seras

Players

lesha - Winner!

  • Race: Terran Terran

A.I. 1 (Elite)

  • Race: Zerg Zerg

VOD

Have the link to the VOD?

Description

Time

  • Played on: Dec. 5, 2015, 7:51 a.m.
  • Length: 17:42
Show
View Real Time Build Order
Export as new Build Order

lesha Terran - Winner!

Build Orders: MMM Bio 

Get SALT Encoding   

  12  0:01  SCV  
  13  0:13  SCV  
  14  0:19  Supply Depot  
  14  0:25  SCV  
  15  0:40  SCV  
  16  0:45  Barracks  
  16  0:52  SCV  
  17  1:08  SCV  
  18  1:20  SCV  
  19  1:26  Command Center  
  19  1:33  Orbital Command  
  19  1:43  Refinery  
  19  1:46  Refinery  
  19  1:47  Marine  
  20  1:59  SCV  
  21  2:11  SCV, Marine  
  23  2:28  Factory  
  23  2:37  SCV  
  23  2:43  Orbital Command  
  24  2:46  Supply Depot  
  24  2:52  SCV  
  24  2:53  Bunker  
  24  2:56  Marine  
  26  3:04  SCV  
  27  3:10  Barracks  
  27  3:13  Marine  
  27  3:16  SCV  
  27  3:18  SCV  
  30  3:28  SCV  
  30  3:30  SCV  
  30  3:31  Marine  
  32  3:36  Starport  
  32  3:39  Factory Tech Lab  
  32  3:49  Marine  
  32  3:51  Supply Depot  
  33  3:58  Barracks Tech Lab  
  33  4:09  Marine  
  34  4:11  Supply Depot  
  34  4:16  SCV x2  
  36  4:24  Refinery  
  36  4:26  Refinery  
  36  4:27  Marauder  
  36  4:28  SCV x2  
  36  4:30  Barracks Reactor  
  40  4:31  Siege Tank  
  40  4:33  Starport Reactor  
  43  4:45  SCV x2, Supply Depot  
  45  4:49  Marauder  
  47  4:57  SCV x2  
  49  5:06  Barracks  
  49  5:07  Barracks  
  49  5:09  Barracks  
  49  5:18  SCV x2  
  51  5:23  Marauder  
  51  5:24  Marine  
  51  5:25  Marine  
  51  5:26  Medivac x2  
  51  5:27  Siege Tank  
  62  5:39  Engineering Bay  
  62  5:40  SCV  
  62  5:42  Engineering Bay  
  63  5:44  Marauder  
  63  5:48  Stimpack  
  65  5:50  Marine  
  65  5:51  Marine  
  65  5:52  SCV  
  68  6:00  Supply Depot  
  68  6:04  Supply Depot, SCV  
  69  6:13  Marine  
  70  6:22  Supply Depot x2, Marauder, Siege Tank, Marine  
  70  6:23  Supply Depot  
  70  6:24  Barracks Reactor x2  
  70  6:25  Barracks Tech Lab  
  76  6:28  Terran Infantry Weapons Level 1, Terran Infantry Armor Level 1  
  76  6:43  SCV  
  76  6:44  SCV  
  78  6:55  SCV  
  78  6:56  SCV  
  80  7:11  Command Center  
  80  7:12  Marine x2  
  80  7:13  Marine x4  
  90  7:15  Marauder  
  90  7:16  Medivac, Marauder  
  90  7:17  Medivac  
  90  7:21  Concussive Shells  
  94  7:33  SCV x2  
  96  7:42  Supply Depot  
  96  7:44  Supply Depot  
  96  7:45  SCV x2  
  96  7:47  Supply Depot  
  96  7:48  Supply Depot, Combat Shields  
  98  7:52  Marine x2  
  98  7:53  Marine x4  
  98  7:54  Marine  
  98  7:55  Marauder  
  98  7:56  Medivac  
  98  7:57  SCV  
  110  8:04  SCV, Medivac  
  113  8:12  Marauder  
  115  8:16  Marauder  
  115  8:18  Marine x4  
  115  8:19  Marine x2  
  123  8:24  Siege Tank  
  123  8:26  Medivac  
  128  8:33  Marine  
  128  8:34  Medivac  
  131  8:44  Marine x3  
  131  8:45  Marine x3  
  137  8:50  Command Center  
  137  8:54  Armory  
  137  8:58  Marine  
  137  8:59  Marine  
  137  9:02  Marine x5  
  142  9:03  Marine  
  149  9:17  Marauder x2  
  149  9:18  Orbital Command  
  149  9:20  Marine x3  
  149  9:21  SCV  
  149  9:22  SCV  
  154  9:30  Marine x3  
  157  9:44  Supply Depot  
  157  9:46  Supply Depot x2  
  157  9:50  Supply Depot  
  157  10:01  SCV x2, Medivac x2, Marine x8  
  171  10:13  SCV x2  
  173  10:19  Marine x2  
  146  10:35  Marine x5  
  146  10:36  Marine  
  146  10:37  Marine  
  146  10:39  Medivac x2  
  155  10:54  Marauder x2  
  159  10:58  Terran Infantry Weapons Level 2, Terran Infantry Armor Level 2  
  159  11:11  Barracks x2  
  159  11:13  Barracks  
  159  11:14  Barracks  
  159  11:19  Orbital Command  
  159  11:25  Marine x5  
  163  11:26  Marine x2  
  163  11:27  Marauder  
  163  11:28  Medivac x2  
  172  11:42  Marine  
  172  11:43  Marine x5  
  172  11:44  Marauder  
  180  11:48  Marauder  
  161  11:58  Medivac x2  
  161  12:00  Marine x3  
  161  12:01  Marine x2  
  138  12:05  Marauder  
  138  12:09  Marauder  
  138  12:11  Marine  
  141  12:18  Marine x4  
  141  12:19  Marine  
  146  12:27  Marauder  
  146  12:28  Medivac x2  
  146  12:29  Marine  
  153  12:42  Barracks Reactor x3  
  153  12:43  Barracks Reactor  
  153  12:44  Marine x4  
  153  12:45  Marine x2  
  153  12:47  Marine  
  153  12:48  Marine  
  161  12:58  Medivac x2  
  165  13:02  Marine  
  165  13:03  Marauder  
  168  13:06  Marauder  
  168  13:10  Marine x5  
  175  13:20  Marine  
  175  13:24  Marine  
  177  13:27  Marine  
  177  13:28  Medivac x2, Marine x5  
  177  13:31  Refinery x2  
  187  13:37  Marine x6  
  187  13:38  Marine x3  
  196  13:42  Marine  
  196  13:45  Marine x2  
  196  13:46  Marine  
  198  13:56  Marine x2  
  196  14:25  Command Center  
  188  14:49  Marine x7  
  188  14:50  Marine x3  
  188  14:51  Marauder  
  190  15:57  Marine  
  190  15:58  Marine x7  
  190  15:59  Marine x2  
  190  16:39  Marine x5  
  187  16:40  Marine x6  
  187  16:41  Marine x5  
Show
View Real Time Build Order
Export as new Build Order

A.I. 1 (Elite) Zerg 

Build Orders: Pool First 

Get SALT Encoding   

  12  0:00  Drone  
  13  0:12  Overlord  
  13  0:17  Drone  
  14  0:30  Drone x2  
  14  0:34  Drone  
  17  0:48  Spawning Pool  
  17  0:49  Drone  
  17  1:11  Hatchery  
  17  1:14  Drone  
  17  1:17  Extractor  
  16  1:19  Drone  
  16  1:24  Extractor  
  16  1:25  Drone  
  16  1:30  Drone  
  18  1:38  Drone  
  19  1:49  Overlord  
  19  1:58  Queen  
  21  2:03  Zergling x2  
  22  2:10  Drone  
  23  2:24  Queen  
  25  2:31  Drone  
  25  2:36  Drone  
  27  2:41  Drone  
  28  2:46  Drone  
  29  2:59  Roach Warren  
  29  3:01  Drone  
  29  3:04  Drone  
  30  3:08  Zergling x2  
  30  3:11  Zergling x2  
  32  3:18  Overlord  
  32  3:20  Drone  
  32  3:24  Drone  
  34  3:39  Roach x2  
  34  3:41  Roach  
  40  3:42  Roach  
  42  3:49  Lair  
  42  3:54  Overlord  
  42  3:59  Overlord  
  42  4:03  Zergling x2  
  42  4:06  Zergling x2  
  44  4:12  Drone, Zergling x2  
  44  4:14  Drone  
  44  4:16  Drone  
  48  4:18  Drone  
  48  4:21  Drone  
  50  4:25  Roach  
  50  4:28  Roach  
  54  4:33  Overlord  
  54  4:41  Drone  
  54  4:43  Drone  
  54  4:45  Drone  
  57  4:48  Drone  
  57  4:50  Drone, Infestation Pit  
  58  4:54  Overlord  
  58  4:59  Overlord  
  58  5:02  Roach  
  60  5:07  Hydralisk Den  
  60  5:11  Drone  
  60  5:13  Drone  
  61  5:15  Drone  
  61  5:17  Drone  
  61  5:19  Drone  
  61  5:21  Drone  
  65  5:23  Drone  
  65  5:24  Drone  
  65  5:26  Drone  
  65  5:28  Drone  
  69  5:30  Drone  
  69  5:32  Drone  
  69  5:35  Infestor  
  71  5:37  Hydralisk  
  71  5:38  Overlord  
  71  5:42  Hydralisk  
  77  5:45  Roach  
  77  5:47  Roach  
  77  5:49  Roach  
  83  5:56  Overlord, Infestor  
  85  6:04  Metabolic Boost  
  85  6:07  Evolution Chamber  
  84  6:15  Evolution Chamber  
  84  6:16  Hatchery  
  82  6:23  Drone  
  83  6:25  Evolution Chamber  
  83  6:27  Drone, Ravager  
  83  6:30  Roach  
  86  6:33  Zerg Melee Weapons Level 1  
  86  6:37  Extractor  
  86  6:38  Drone  
  85  6:40  Ravager, Zerg Ground Armor Level 1  
  85  6:42  Drone, Extractor  
  85  6:45  Roach  
  88  6:51  Zerg Missile Weapons Level 1  
  88  6:54  Overlord, Hydralisk  
  88  6:59  Drone x2  
  88  7:00  Drone  
  93  7:02  Hydralisk  
  93  7:05  Drone x3  
  98  7:12  Overlord  
  98  7:20  Spine Crawler  
  98  7:22  Infestor  
  97  7:23  Spine Crawler  
  97  7:29  Drone x3  
  101  7:30  Drone x5  
  101  7:31  Drone x2  
  101  7:36  Overseer  
  108  7:38  Overlord  
  108  7:39  Extractor  
  108  7:40  Drone  
  108  7:41  Drone  
  109  7:44  Drone, Infestor  
  109  7:45  Roach  
  109  7:49  Drone  
  109  7:51  Drone x2, Roach x2  
  120  7:56  Drone  
  122  7:59  Overlord  
  122  8:00  Pathogen Glands  
  122  8:02  Drone  
  122  8:04  Drone  
  124  8:10  Drone  
  125  8:13  Drone  
  125  8:14  Drone  
  125  8:16  Drone x2  
  125  8:18  Hatchery, Drone  
  129  8:21  Overlord  
  129  8:22  Drone  
  130  8:34  Spore Crawler  
  130  8:35  Spore Crawler  
  128  8:42  Overlord, Queen  
  128  8:45  Zerg Missile Weapons Level 2  
  130  8:53  Extractor  
  130  8:54  Drone  
  130  8:56  Neural Parasite  
  130  9:00  Zerg Ground Armor Level 2, Spine Crawler  
  130  9:01  Drone  
  130  9:05  Hydralisk  
  130  9:09  Hydralisk  
  134  9:15  Drone  
  134  9:16  Overlord, Lurker Den, Drone  
  136  9:24  Queen  
  139  9:31  Drone x2  
  139  9:33  Roach  
  139  9:35  Roach  
  144  9:44  Extractor  
  144  9:45  Drone  
  144  9:47  Drone, Spine Crawler  
  144  9:48  Spore Crawler  
  144  9:49  Drone, Spine Crawler  
  144  9:50  Drone  
  144  9:52  Hatchery, Drone, Spine Crawler, Overseer  
  143  9:53  Drone  
  143  9:54  Spine Crawler  
  143  9:55  Drone  
  143  9:56  Extractor  
  143  9:57  Drone  
  143  9:59  Overseer  
  144  10:01  Overlord, Ravager, Roach  
  144  10:03  Ravager  
  144  10:04  Roach  
  150  10:13  Zergling x10  
  150  10:14  Zerg Melee Weapons Level 2  
  155  10:16  Baneling Nest, Roach x3, Drone  
  155  10:18  Roach x2, Zergling x2  
  155  10:19  Roach, Zergling x4  
  155  10:20  Infestor  
  143  10:21  Infestor, Roach, Zergling x2  
  143  10:26  Hydralisk  
  137  10:31  Infestor  
  137  10:33  Zergling x2  
  137  10:34  Hydralisk  
  137  10:35  Roach  
  133  10:42  Infestor  
  135  10:43  Roach x3  
  135  10:49  Spore Crawler, Drone  
  141  10:53  Spore Crawler  
  141  10:54  Drone  
  141  10:57  Hydralisk  
  141  11:00  Zergling x4, Baneling x4  
  141  11:01  Overlord, Zergling x6, Baneling x6  
  141  11:02  Zergling x2, Baneling x3  
  141  11:03  Zergling x2, Baneling  
  150  11:04  Baneling  
  150  11:06  Centrifical Hooks  
  150  11:29  Queen  
  152  11:45  Hydralisk  
  152  11:46  Overlord, Roach x2  
  158  11:48  Extractor  
  158  11:49  Drone, Zergling x8  
  158  11:50  Spire, Zergling x6  
  158  11:51  Drone  
  158  11:52  Zergling x2  
  158  11:53  Zergling x2  
  143  11:54  Zergling x2  
  143  11:55  Hydralisk Den  
  143  11:57  Drone  
  143  11:58  Spine Crawler, Roach  
  143  12:00  Spine Crawler, Roach  
  112  12:02  Spine Crawler, Roach  
  112  12:04  Roach  
  112  12:05  Hydralisk  
  112  12:07  Drone  
  112  12:08  Drone  
  108  12:09  Drone  
  108  12:11  Hydralisk  
  108  12:13  Hydralisk  
  108  12:14  Spore Crawler  
  112  12:16  Drone  
  104  12:22  Hive  
  104  12:23  Zergling x2  
  104  12:29  Zergling x2  
  93  12:35  Roach  
  93  12:36  Roach  
  97  12:38  Roach  
  97  12:40  Roach  
  97  12:41  Hydralisk  
  97  12:43  Zergling x2  
  102  12:44  Zergling x2  
  102  12:45  Zergling x2  
  102  12:46  Zergling x2  
  102  12:47  Zergling x2  
  102  12:48  Zergling x2  
  102  12:50  Zergling x2  
  107  12:51  Zergling x2  
  107  12:52  Zergling x2  
  107  12:53  Infestor  
  107  12:56  Hydralisk  
  107  12:58  Hydralisk  
  107  13:00  Hydralisk  
  107  13:02  Mutalisk, Roach  
  107  13:04  Roach  
  107  13:05  Zergling x2  
  111  13:07  Roach  
  111  13:08  Mutalisk  
  111  13:10  Mutalisk  
  111  13:11  Zergling x4  
  111  13:12  Zergling x2  
  116  13:13  Zergling x4  
  116  13:15  Zergling x2  
  116  13:16  Roach  
  116  13:17  Zergling x2  
  116  13:19  Zergling x2  
  117  13:20  Zergling x2  
  117  13:21  Infestor  
  117  13:22  Hydralisk  
  117  13:25  Infestor  
  121  13:28  Infestor  
  121  13:31  Zergling x2  
  121  13:32  Zergling x2  
  121  13:33  Spore Crawler  
  118  13:35  Spore Crawler  
  118  13:36  Roach  
  118  13:38  Hydralisk  
  118  13:39  Drone  
  118  13:41  Drone, Ultralisk Cavern  
  120  13:42  Zergling x2  
  120  13:43  Drone  
  120  13:44  Zergling x2  
  120  13:46  Roach  
  120  13:48  Hydralisk x2, Roach  
  107  13:54  Zergling x2  
  107  13:55  Zergling x2  
  111  13:56  Baneling x2, Zergling x2  
  111  13:57  Zergling x2, Baneling  
  111  13:58  Zergling x2  
  111  13:59  Zergling x2  
  111  14:00  Zergling x2  
  111  14:01  Zergling x2  
  111  14:02  Baneling  
  117  14:05  Zergling x2, Baneling  
  117  14:06  Baneling  
  117  14:07  Zergling x2, Baneling  
  117  14:08  Baneling  
  117  14:09  Mutalisk  
  119  14:12  Drone  
  119  14:14  Zergling x2  
  106  14:26  Drone  
  106  14:29  Hydralisk  
  101  14:31  Ultralisk  
  101  14:33  Hydralisk  
  101  14:36  Roach  
  80  14:38  Roach  
  80  14:41  Roach  
  80  14:43  Baneling  
  80  14:44  Zergling x2, Roach, Baneling  
  87  14:47  Hydralisk  
  87  14:49  Hydralisk  
  87  14:52  Drone  
  90  14:53  Drone  
  90  14:54  Zergling x2  
  90  14:55  Drone  
  90  14:57  Drone  
  90  14:59  Drone  
  93  15:00  Drone  
  93  15:03  Drone  
  93  15:04  Drone  
  93  15:05  Baneling  
  93  15:06  Zergling x2  
  93  15:10  Roach  
  80  15:14  Hydralisk  
  80  15:15  Drone  
  80  15:27  Zergling x2  
  74  15:30  Hydralisk  
  74  15:33  Drone  
  74  15:34  Zergling x2  
  73  15:36  Drone  
  73  15:39  Hydralisk  
  73  15:41  Drone  
  73  15:42  Drone  
  77  15:43  Drone x2  
  77  15:48  Drone  
  77  15:49  Zergling x2  
  67  15:51  Drone, Hydralisk, Roach x2  
  67  15:54  Roach, Zergling x2  
  63  16:06  Hatchery  
  63  16:07  Hydralisk  
  63  16:08  Drone, Hydralisk, Roach  
  35  16:44  Spawning Pool  
  23  17:23  Drone  
  23  17:26  Drone  
  23  17:28  Drone  
Tags
 
Composition
MMM Bio
Matchup
TvZ
Opening
Pool First
Add a new tag
Caveats
  • Supply blocks, unpowered buildings, or Contaminate may cause inaccurate times.
  • Supply counts are checked every 10 seconds.